 Dungeon Crawl Stone Soup version 0.23-a0-169-gb21e695 (webtiles) character file.

109 HAL9000 the Sneak (level 4, -1/23 HPs)
             Began as a Vine Stalker Assassin on Sept 11, 2018.
             Succumbed to an adder's poison
             ... on level 4 of the Dungeon.
             The game lasted 00:04:57 (3109 turns).

HAL9000 the Sneak (Vine Stalker Assassin)           Turns: 3109, Time: 00:04:58

Health: -1/23      AC:  6    Str: 15    XL:     4   Next: 89%
Magic:  4/5        EV: 11    Int: 11    God:
Gold:   188        SH:  4    Dex: 15    Spells: 3/3 levels left

rFire    . . .     SeeInvis .   a - +2 dagger
rCold    . . .     Gourm    .   q - +0 buckler
rNeg     . . .     Faith    .   c - +0 robe
rPois    .         Spirit   +   (no helmet)
rElec    .         Reflect  .   l - +1 cloak {+Inv}
rCorr    .         Harm     .   m - +0 pair of gloves
MR       .....                  w - +0 pair of boots
Stlth    +++.......             (no amulet)
HPRegen  0.47/turn              (no ring)
MPRegen  0.09/turn              (no ring)

@: lethally poisoned (-1 -> -7), hasted, very quick
A: fangs 2, regeneration 1, magic shield, antimagic bite, no potion heal 3, rot
immunity
a: Evoke Invisibility


You were on level 4 of the Dungeon.
You were not hungry.

You visited 1 branch of the dungeon, and saw 4 of its levels.

You collected 188 gold pieces.

Inventory:

Hand Weapons
 a - a +2 dagger (weapon)
 b - a +0 blowgun
Missiles
 e - 23 poisoned needles
 f - 2 curare-tipped needles
Armour
 c - a +0 robe (worn)
 l - a +1 cloak of invisibility (worn)
 m - a +0 pair of gloves (worn)
 q - a +0 buckler (worn)
 w - a +0 pair of boots (worn)
Scrolls
 i - a scroll of enchant armour {unknown}
 k - 2 scrolls of enchant weapon {unknown}
 o - a scroll of teleportation {unknown}
 r - a scroll of magic mapping {unknown}
 s - 4 scrolls of remove curse {unknown}
 y - a scroll of fear {unknown}
 z - a scroll of identify {unknown}
Potions
 h - a potion of heal wounds
 p - a potion of flight {unknown}
 t - a potion of lignification {unknown}
 v - a potion of agility {unknown}
 x - a potion of magic {unknown}
Comestibles
 g - 7 rations
 A - a chunk of flesh


   Skills:
 - Level 1.7 Fighting
 + Level 3.6 Short Blades
 - Level 1.7 Throwing
 - Level 0.7 Dodging
 - Level 4.8 Stealth
 + Level 2.2 Shields


You had 3 spell levels left.
You didn't know any spells.
Your spell library was empty.

Dungeon Overview and Level Annotations

Branches:
Dungeon (4/15)
 Temple: D:4-7

Altars:
Elyvilon
Trog


Innate Abilities, Weirdness & Mutations

You have extremely sharp teeth.
Your natural rate of healing is unusually fast.
When hurt, damage is shared between your health and your magic reserves.
Your bite disrupts and absorbs the magic of your enemies.
Potions cannot restore your health.
You are immune to rotting.


Message History

You feel sick. The adder bites you but does no damage.
You closely miss the adder. You bite the adder. You drain its power.
You feel invigorated.
The adder is severely wounded.
* * * LOW HITPOINT WARNING * * *
You feel sick. The adder bites you but does no damage.
You hit the adder. Your bite misses the adder.
The adder is almost dead.
* * * LOW HITPOINT WARNING * * *
You feel sick. The adder bites you.
* * * LOW HITPOINT WARNING * * *
You are more poisoned.
The adder poisons you! The adder bites you.
* * * LOW HITPOINT WARNING * * *
It was a potion of heal wounds.
That seemed strangely inert.
* * * LOW HITPOINT WARNING * * *
You feel sick. The adder bites you.
* * * LOW HITPOINT WARNING * * *
It was a potion of haste.
You feel yourself speed up.
You die...

#############
#.#.#...#.#.#
##.#.....#.##
#.#..#.#..#.#
##..##.##..##
#..##...##..#
#.##.....##.#
#..##...##..#
##..##.##.@##
#.#..###.S#.# .#
##.#..#..# ## ...
#.#.#...# ....
######.######....
#.#........(
#...........
###.........
##........


You could see an adder.

Vanquished Creatures
  5 adders
  3 oozes
  A worm (D:2)
  2 leopard geckos (D:3)
  An orc (D:3)
  4 giant cockroaches
  3 goblins
  3 hobgoblins
  5 jackals
  2 quokkas
  3 bats
  3 frilled lizards
  5 kobolds
  A quokka skeleton (D:2)
  8 rats
49 creatures vanquished.

Vanquished Creatures (others)
  An ooze (D:2)
1 creature vanquished.

Grand Total: 50 creatures vanquished

Notes
Turn   | Place    | Note
-------+----------+-------------------------------------------
     0 | D:1      | HAL9000 the Vine Stalker Assassin began the quest for the
                  | Orb.
     0 | D:1      | Reached XP level 1. HP: 11/11 MP: 2/2
   548 | D:1      | Reached XP level 2. HP: 15/15 MP: 3/3
  1493 | D:2      | Reached skill level 1 in Shields
  1493 | D:2      | Reached XP level 3. HP: 15/18 MP: 4/4
  1667 | D:2      | Found a white marble altar of Elyvilon.
  1810 | D:2      | Gained mutation: Your natural rate of healing is unusually
                  | fast. [Vine Stalker growth]
  1810 | D:2      | Reached XP level 4. HP: 11/23 MP: 5/5
  2442 | D:3      | Found a bloodstained altar of Trog.
  3108 | D:4      | HP: 1/23 [adder (1)]
  3109 | D:4      | Succumbed to an adder's poison

Vault maps used:
D:1:      lordsloth_arrival_two_stooges, serial_glass, glass_columns_b,
          glass_columns_a
D:2:      first_ration, elyvilon_altar_4
D:3:      lightli_temple_of_fire
D:4:      minmay_diamond_boxcup, lemuel_temple_firewalk_b

Skill      XL: |  1  2  3  4 |
---------------+-------------+-----
Short Blades   | 2 3 |  3.6
Shields        | 1 2 |  2.2
Fighting       | |  1.7
Throwing       | |  1.7
Dodging        | |  0.7
Stealth        | |  4.8

Action                   |  1- 3 |  4- 6 || total
-------------------------+-------+-------++-------
Melee: Dagger            |    61 |    72 ||   133
       Bite              |    12 |     9 ||    21
  Use: Potion            |       |     2 ||     2
 Stab: Sleeping          |    10 |    13 ||    23
  Eat: Chunk             |     2 |     5 ||     7
Armor: Robe              |    14 |    21 ||    35
Dodge: Dodged            |    20 |    32 ||    52
Block: Buckler           |     4 |    15 ||    19

Table legend:
 A = Non-vault XP
 B = Vault XP
 C = Vault XP percentage of total XP
 D = Non-vault monster count
 E = Vault monster count
 F = Vault count percentage of total count
                 A         B        C        D         E       F
            +---------+---------+-------+---------+---------+-------
      Total |     145 |      11 |   7.1 |      46 |       3 |   6.1
            +---------+---------+-------+---------+---------+-------
        D:1 |      17 |       0 |   0.0 |      11 |       0 |   0.0
        D:2 |      75 |       0 |   0.0 |      15 |       0 |   0.0
        D:3 |      53 |       0 |   0.0 |      20 |       0 |   0.0
        D:4 |       0 |      11 | 100.0 |       0 |       3 | 100.0
            +---------+---------+-------+---------+---------+-------
